Map: Seeds of Aiur

Players

sardorbek

  • Race: Terran Terran
  • Spawn Location: 7:00

Rogash

  • Race: Terran Terran
  • League: Platinum
  • Spawn Location: 7:00

ILIEKEGGPIE - Winner!

  • Race: Protoss Protoss
  • Spawn Location: 1:00

BizMac - Winner!

  • Race: Zerg Zerg
  • Spawn Location: 1:00

VOD

Have the link to the VOD?

Description

Time

  • Played on: March 6, 2018, 7:43 p.m.
  • Length: 4:40
Show
View Real Time Build Order
Export as new Build Order

sardorbek Terran 

Build Orders:  

Get SALT Encoding   

  12  0:02  SCV  
  13  0:20  Supply Depot  
  13  0:30  SCV  
  14  0:42  SCV  
  15  0:44  Supply Depot  
  15  0:53  Barracks  
  15  0:54  SCV  
  16  1:02  Refinery  
  16  1:06  SCV  
  17  1:13  Refinery  
  17  1:15  Barracks  
  17  1:19  SCV  
  18  1:31  SCV  
  19  1:35  Command Center  
  19  1:43  SCV  
  20  1:50  Engineering Bay  
  20  1:53  Marine  
  21  1:55  SCV  
  22  2:07  SCV  
  23  2:09  Barracks Reactor  
  23  2:11  Marine  
  24  2:19  SCV  
  25  2:29  Marine  
  26  2:31  SCV  
  26  2:33  Sensor Tower  
  27  2:43  SCV  
  28  2:46  Marine, Factory  
  28  2:48  SCV  
  30  2:55  Refinery  
  30  3:01  SCV  
  31  3:07  Supply Depot  
  31  3:14  Reaper x2  
  34  3:21  Refinery  
  30  3:31  Marine, Supply Depot  
  27  3:42  Hellion  
  27  3:46  Reaper x2  
  27  3:47  Bunker  
  31  3:49  Marine  
  31  3:53  Supply Depot  
  26  4:03  Hellion  
  26  4:07  Marine  
  9  4:18  Marine x2  
Show
View Real Time Build Order
Export as new Build Order

Rogash Terran 

Build Orders:  

Get SALT Encoding   

Show
View Real Time Build Order
Export as new Build Order

ILIEKEGGPIE Protoss - Winner!

Build Orders: Oracle Opening 

Get SALT Encoding   

  12  0:05  Probe  
  13  0:17  Probe  
  13  0:20  Pylon  
  14  0:29  Probe  
  15  0:41  Probe  
  16  0:45  Gateway  
  16  0:53  Probe  
  17  1:02  Assimilator  
  17  1:05  Probe  
  17  1:08  Assimilator  
  18  1:17  Probe  
  19  1:40  Cybernetics Core  
  19  1:51  Probe  
  20  1:56  Pylon  
  20  2:03  Probe  
  21  2:10  Pylon  
  21  2:17  Stargate  
  21  2:20  Warp Gate (Chrono Boost)  
  21  2:40  Probe, Nexus  
  22  2:50  Stalker  
  24  2:52  Probe  
  24  2:58  Oracle (Chrono Boost)  
  25  3:04  Probe  
  29  3:17  Pylon  
  29  3:25  Probe  
  30  3:27  Stalker  
  32  3:37  Probe  
  32  3:38  Gateway x2  
  33  3:43  Gateway  
  33  3:49  Probe (Chrono Boost)  
  34  4:00  Probe (Chrono Boost)  
  35  4:14  Probe x2  
  37  4:26  Probe x2  
Show
View Real Time Build Order
Export as new Build Order

BizMac Zerg - Winner!

Build Orders: Pool First 

Get SALT Encoding   

  12  0:01  Drone  
  13  0:08  Drone  
  14  0:17  Overlord  
  14  0:35  Drone, Extractor  
  13  0:36  Drone x2  
  16  0:52  Spawning Pool, Drone  
  16  1:02  Drone  
  17  1:10  Drone  
  18  1:20  Drone  
  19  1:30  Hatchery  
  18  1:36  Drone  
  18  1:39  Metabolic Boost  
  19  1:53  Queen  
  21  2:00  Overlord  
  21  2:06  Zergling x2  
  22  2:14  Overlord  
  22  2:22  Zergling x2  
  24  2:30  Zergling x2  
  24  2:42  Zergling x4  
  26  2:45  Queen  
  26  2:49  Zergling x2  
  29  3:03  Extractor  
  28  3:10  Drone  
  28  3:11  Drone  
  29  3:40  Zergling x2  
  29  3:41  Zergling x18  
  39  4:04  Zergling x2  
  39  4:05  Zergling x6  
Tags
 
Add a new tag
Caveats
  • Supply blocks, unpowered buildings, or Contaminate may cause inaccurate times.
  • Supply counts are checked every 10 seconds.